 Dungeon Crawl Stone Soup version 0.20.2-3-g29329e0561 (webtiles) character file.

1127 Alfie the Slasher (level 8, -4/69 HPs)
             Began as a Minotaur Fighter on Dec 2, 2020.
             Slain by a wight
             ... wielding a cursed +5 flail
              (6 damage)
             ... on level 6 of the Dungeon.
             The game lasted 00:08:42 (3717 turns).

Alfie the Slasher (Minotaur Fighter)                Turns: 3717, Time: 00:08:42

Health: -4/69      AC: 10    Str: 24    XL:     8   Next: 13%
Magic:  7/7        EV:  8    Int: 10    God:
Gold:   269        SH: 11    Dex:  9    Spells: 6/7 levels left

rFire    . . .     SeeInvis .   a - +1 long sword
rCold    . . .     Gourm    .   c - +1 shield
rNeg     . . .     Faith    .   b - +1 scale mail
rPois    .         Spirit   .   (helmet restricted)
rElec    .         Reflect  .   (no cloak)
rCorr    .         Harm     .   g - +1 pair of gloves
MR       .....                  (no boots)
Stlth    ..........             (no amulet)
Regen    0.3/turn               e - +5 ring of intelligence
MPRegen  0.1/turn               (no ring)

@: vulnerable, drained
A: retaliatory headbutt, horns 2
a: no special abilities


You were on level 6 of the Dungeon.
You were not hungry.

You visited 1 branch of the dungeon, and saw 6 of its levels.

You collected 269 gold pieces.

Inventory:

Hand Weapons
 a - a +1 long sword (weapon)
Missiles
 y - a tomahawk (quivered)
Armour
 b - a +1 scale mail (worn)
 c - a +1 shield (worn)
 g - a +1 pair of gloves (worn)
Jewellery
 e - a +5 ring of intelligence (left hand)
Wands
 j - a wand of paralysis (6/24)
 p - a wand of enslavement (9/24)
 s - a wand of paralysis (22/24)
Scrolls
 k - 3 scrolls of identify
 l - a scroll of fog
 o - a scroll of remove curse
 q - a scroll of fear
 u - a scroll of enchant weapon
 A - a scroll of teleportation
Potions
 d - 3 potions of might
 i - a potion of heal wounds
 m - a potion of brilliance {unknown}
 n - a potion of curing
 r - a potion of degeneration {unknown}
 t - 3 potions of flight {unknown}
 v - a potion of agility {unknown}
 x - a potion of haste {unknown}
Comestibles
 f - 3 bread rations
 h - 5 meat rations
 w - 4 fruits


   Skills:
 + Level 5.5(4.3) Fighting
 + Level 7.3(6.1) Long Blades
 + Level 0.2(0.0) Throwing
 + Level 6.4(5.2) Armour
 + Level 2.4(1.3) Dodging
 + Level 0.5(0.0) Stealth
 + Level 6.2(5.0) Shields


You had 6 spell levels left.
You knew the following spells:

 Your Spells              Type           Power        Failure   Level  Hunger
a - Shock                 Conj/Air       #...         97%         1    ##.....


Dungeon Overview and Level Annotations

Branches:
Dungeon (6/15)             Temple (0/1) D:4

Altars:
Ashenzari
Dithmenos
Elyvilon
Fedhas
Kikubaaqudgha
Makhleb
Okawaru
Qazlal
Ru
Zin


Innate Abilities, Weirdness & Mutations

You reflexively headbutt those who attack you in melee.
You have a pair of horns on your head.


Message History

You riposte.
Your shield and scale mail prevent you from hitting the wight.
The wight is lightly damaged.
You block the wight's attack.
You hit the wight.
The wight is severely damaged.
You block the wight's attack.
The wight hits you with an enchanted scimitar!
You feel drained. The wight barely misses you.
You riposte.
You barely miss the wight. You headbutt the wight.
The wight is moderately damaged.
You hit the wight but do no damage. You headbutt the wight.
You destroy the wight!
The wight hits you from afar with an enchanted halberd!
* * * LOW HITPOINT WARNING * * *
You block the wight's attack.
The wight hits you with an enchanted flail!
* * * LOW HITPOINT WARNING * * *
You feel drained.
You die...

...# ...# ...# ...# ...
...############# ..# .
..............(###..##..
...............#........
.......[..†....#........
...............#........
############...)@z......
#...#z####### #..##z#
#..#.z# #..#..# #..#..#
#..#..# #..#..# #..#


You could see 4 wights.

Vanquished Creatures
  The ghost of Alfie the Slasher, a novice MiFi (D:4)
  A phantom (D:5)
  2 ogres
  A centaur (D:5)
  2 scorpions
  A wight (D:6)
  A hound (D:5)
  2 orc priests (D:4)
  3 orc wizards
  3 worker ants
  A hound skeleton (D:4)
  A shadow imp (D:5)
  2 dart slugs
  A leopard gecko (D:1)
  12 orcs
  5 bats
  5 giant cockroaches
  2 goblins
  5 hobgoblins
  2 jackals (D:5)
  10 kobolds
  3 quokkas
  A ball python (D:1)
  4 frilled lizards (D:1)
  5 rats
76 creatures vanquished.

Notes
Turn   | Place    | Note
-------+----------+-------------------------------------------
     0 | D:1      | Alfie the Minotaur Fighter began the quest for the Orb.
     0 | D:1      | Reached XP level 1. HP: 19/19 MP: 0/0
   142 | D:1      | Reached XP level 2. HP: 26/27 MP: 1/1
   676 | D:2      | Found a sacrificial altar of Ru.
   728 | D:2      | Reached XP level 3. HP: 29/33 MP: 2/2
   740 | D:2      | Found an iron altar of Okawaru.
  1098 | D:2      | Found a glowing silver altar of Zin.
  1099 | D:2      | Found a stormy altar of Qazlal.
  1100 | D:2      | Found a burning altar of Makhleb.
  1102 | D:2      | Found a white marble altar of Elyvilon.
  1410 | D:3      | Found a blossoming altar of Fedhas.
  1431 | D:3      | Reached skill level 3 in Long Blades
  1544 | D:3      | Reached XP level 4. HP: 40/40 MP: 3/3
  2047 | D:4      | Noticed Alfie's ghost (novice MiFi)
  2061 | D:4      | Killed Alfie's ghost
  2061 | D:4      | Reached skill level 5 in Long Blades
  2061 | D:4      | Reached skill level 5 in Armour
  2061 | D:4      | Reached skill level 1 in Dodging
  2061 | D:4      | Reached skill level 5 in Shields
  2061 | D:4      | Reached XP level 5. HP: 10/47 MP: 4/4
  2061 | D:4      | Reached XP level 6. HP: 11/53 MP: 5/5
  2242 | D:4      | Found a shattered altar of Ashenzari.
  2244 | D:4      | Found a staircase to the Ecumenical Temple.
  2297 | D:4      | Reached skill level 6 in Long Blades
  2297 | D:4      | Reached XP level 7. HP: 42/60 MP: 6/6
  2521 | D:4      | Reached skill level 5 in Fighting
  2802 | D:5      | Entered Level 5 of the Dungeon
  2805 | D:5      | Identified the Grimoire of Creative Confrontation
  2810 | D:5      | Learned a level 1 spell: Shock
  3011 | D:5      | Reached skill level 7 in Long Blades
  3044 | D:5      | Found an ancient bone altar of Kikubaaqudgha.
  3109 | D:5      | Found a shadowy altar of Dithmenos.
  3355 | D:5      | Reached XP level 8. HP: 69/69 MP: 7/7
  3717 | D:6      | HP: 2/69 [wight/enchanted flail (13)]
  3717 | D:6      | Slain by a wight

Skill      XL: |  1  2  3  4  5  6  7 |
---------------+----------------------+-----
Armour         | 4 5 6 |  6.4
Shields        | 4 5 6 |  6.2
Fighting       | 4 5 |  5.5
Long Blades    | 3 5 6 7 |  7.3
Dodging        | 1 2 |  2.4
Throwing       | |  0.2
Stealth        | |  0.5

Action                   |  1- 3 |  4- 6 |  7- 9 || total
-------------------------+-------+-------+-------++-------
Melee: Long sword        |   108 |    46 |    88 ||   242
       Headbutt          |    14 |     9 |    15 ||    38
Throw: Tomahawk          |       |       |     2 ||     2
  Use: Scroll            |     2 |    10 |     2 ||    14
       Potion            |     1 |     2 |       ||     3
  Eat: Royal jelly       |     1 |     1 |       ||     2
       Fruit             |     1 |       |       ||     1
       Bread ration      |       |       |     1 ||     1
Armor: Scale mail        |    58 |    15 |    26 ||    99
Dodge: Dodged            |    34 |    18 |    34 ||    86
Block: Shield            |    71 |    33 |    46 ||   150
       Rpst.: Long sword |     5 |     3 |    15 ||    23
